 Dungeon Crawl Stone Soup version 0.29-a0-529-gfa20dd96a1 (webtiles) character file.

Game seed: 8628999611046717470

4747 bande the Cruncher (level 10, -27/76 HPs)
             Began as a Gnoll Wanderer on June 2, 2022.
             Was a Priest of Okawaru.
             Annihilated by a tentacled starspawn (32 damage)
             ... on level 1 of the Abyss.
             The game lasted 00:14:36 (6101 turns).

bande the Cruncher (Gnoll Wanderer)                 Turns: 6101, Time: 00:14:37

Health: -27/76     AC: 16    Str: 14    XL:     10   Next: 46%
Magic:  17/17      EV:  7    Int: 10    God:    Okawaru [***...]
Gold:   536        SH:  0    Dex: 15    Spells: 19/19 levels left

rFire   + . .      SeeInvis .   r - +7 Throatcutter {drain, coup de grace}
rCold   . . .      Faith    .   (no shield)
rNeg    + . .      Spirit   .   w - +1 plate armour {rN+}
rPois   +          Reflect  .   p - +1 helmet
rElec   .          Harm     .   (no cloak)
rCorr   .          Rampage  .   G - +0 pair of gloves
Will    .....                   (no boots)
Stlth   ..........              n - amulet of regeneration
HPRegen 1.02/turn               q - ring of poison resistance
MPRegen 0.15/turn               s - ring of protection from fire

@: studying Unarmed Combat
A: fangs 1, strong nose, distributed training, sturdy frame 1
a: Renounce Religion, Heroism


You were on level 1 of the Abyss.
You worshipped Okawaru.
Okawaru was most pleased with you.
You visited 2 branches of the dungeon, and saw 9 of its levels.
You visited the Abyss 1 time.

You collected 586 gold pieces.
You spent 50 gold pieces at shops.

Inventory:

Hand Weapons
 a - a +2 quarterstaff
 d - a +0 dagger
 r - the +7 Throatcutter (weapon) {drain, coup de grace}
   (You took it off Terence on level 2 of the Dungeon)

   A truly terrible weapon, it drains the life of any living foe it strikes.
   It may instantly kill foes which have little health.
 u - a +1 war axe of protection
 v - a +0 flail
 B - a +0 war axe of venom
Missiles
 c - 16 boomerangs (quivered)
 t - 2 silver javelins
 D - 3 boomerangs of dispersal
 J - a throwing net
Armour
 p - a +1 helmet (worn)
 w - a +1 plate armour of positive energy (worn)
 G - a +0 pair of gloves (worn)
Magical Staves
 l - a staff of death
Jewellery
 n - an amulet of regeneration (around neck)
 q - a ring of poison resistance (left hand)
 s - a ring of protection from fire (right hand)
 E - a +6 ring of intelligence
 H - a ring of resist corrosion
 I - an amulet of reflection
Wands
 y - a wand of iceblast (10)
 C - a wand of flame (18)
Scrolls
 b - 4 scrolls of teleportation
 x - a scroll of fog
 K - a scroll of identify
Potions
 e - a potion of berserk rage {unknown}
 f - 2 potions of heal wounds
 g - a potion of flight {unknown}
 h - 3 potions of ambrosia
 i - 5 potions of haste
 j - 2 potions of might
 k - a potion of cancellation {unknown}
 m - 2 potions of curing
 o - 3 potions of magic
 z - 2 potions of mutation
 A - 2 potions of brilliance
 F - 2 potions of lignification {unknown}


   Skills:
 + Level 6.0 Fighting
 + Level 5.3 Short Blades
 + Level 5.3 Long Blades
 + Level 5.3 Axes
 + Level 5.3 Maces & Flails
 + Level 5.3 Polearms
 + Level 11.7 Staves
 + Level 5.3 Slings
 + Level 5.3 Bows
 + Level 5.3 Crossbows
 + Level 7.1 Throwing
 + Level 5.3 Armour
 + Level 5.3 Dodging
 + Level 5.3 Stealth
 + Level 5.3 Shields
 + Level 8.1 Unarmed Combat
 + Level 5.3 Spellcasting
 + Level 4.3 Conjurations
 + Level 4.3 Hexes
 + Level 4.3 Summonings
 + Level 4.3 Necromancy
 + Level 4.3 Translocations
 + Level 4.3 Transmutations
 + Level 4.3 Fire Magic
 + Level 4.3 Ice Magic
 + Level 4.3 Air Magic
 + Level 4.3 Earth Magic
 + Level 4.3 Poison Magic
 + Level 5.8 Invocations
 + Level 5.3 Evocations


You had 19 spell levels left.
You didn't know any spells.
Your spell library contained the following spells:

 Spells                   Type           Power      Damage    Failure   Level
 Gell's Gravitas          Tloc           11%        N/A       98%         3
 Lesser Beckoning         Tloc           11%        N/A       98%         3
 Teleport Other           Tloc           11%        N/A       98%         3


Dungeon Overview and Level Annotations

Branches:
Dungeon (8/15)             Temple (1/1) D:5
   Lair: D:8-11

Altars:
Cheibriados
Dithmenos
Fedhas
Gozag
Hepliaklqana
Kikubaaqudgha
Makhleb
Nemelex Xobeh
Okawaru
Qazlal
Ru
Sif Muna
Trog
Uskayaw
Vehumet
Wu Jian
Xom
Zin
The Shining One

Shops:
D:5 *=*![

Annotations:
D:8 Grum, Psyche


Innate Abilities, Weirdness & Mutations

You have very sharp teeth.
Your uncanny sense of smell can sniff out nearby items.
Your experience applies equally to all skills.
Your movements are slightly less encumbered by armour. (ER -2)


Message History

The wolf bites you but does no damage. Grum hits you but does no damage.
Psyche barely misses you. The wolf bites you. Grum closely misses you.
You hit the wolf.
You behead the wolf!
You kill the wolf!
Okawaru accepts your kill. Psyche hits you but does no damage.
Space warps around you.
Psyche looks encouraged for a moment.
Grum barely misses you.
Your Fighting skill increases to level 6!
You slash Psyche! You drain Psyche. You bite Psyche, but do no damage.
Psyche is moderately wounded.
Psyche casts a spell.
Psyche flickers and vanishes!
Deactivating autopickup; reactivate with Ctrl-A.
Grum hits you but does no damage.
You slash something! You bite something. Something hits you.
Space warps horribly around you!!
* * * LOW HITPOINT WARNING * * *
Grum barely misses you. Something hits you but does no damage.
You are cast into the Abyss!
This branch contains the abyssal rune of Zot.
A small abomination and a tentacled starspawn come into view.
Reactivating autopickup.
Found 36 gold pieces.
Okay, then.
The helpless tentacled starspawn fails to defend itself.
You slash the tentacled starspawn!
The tentacled starspawn is lightly damaged.
You slash the tentacled starspawn! You punch the tentacled starspawn.
You bite the tentacled starspawn, but do no damage.
The tentacled starspawn is moderately damaged.
A tentacle flies out from the starspawn's body!
A starspawn tentacle comes into view.
You barely miss the tentacled starspawn.
Your bite misses the tentacled starspawn.
The tentacled starspawn is moderately damaged.
The small abomination hits you!
* * * LOW HITPOINT WARNING * * *
The tentacled starspawn bites you!!
You die...

∆ ∆ ###
#x##.##.#
#@w.≈....
#X##.##.#
### ∆ ∆ ∆
∆ ∆


You could see a tentacled starspawn, a small abomination and a starspawn
tentacle.

Vanquished Creatures
  A cyclops (D:7)
  A hornet (D:7)
  Prince Ribbit (D:8)
  Sigmund (D:2)
  Eustachio (D:6)
  A steam dragon (D:7)
  A vampire mosquito (D:6)
  2 water moccasins
  4 orc warriors (D:7)
  4 ice beasts
  2 sky beasts (D:7)
  2 black bears
  2 wolves (D:8)
  2 ogres
  A phantom (D:5)
  2 centaurs (D:7)
  A kobold brigand (D:6)
  A necrophage (D:5)
  3 scorpions
  4 wights (D:8)
  A howler monkey (D:6)
  A jelly (D:6)
  3 orc priests
  8 hounds
  A gnoll shaman (D:7)
  4 iguanas
  Natasha (thrice) (D:2)
  Terence (D:2)
  4 orc wizards
  Robin (D:2)
  3 gnolls (D:5)
  5 adders
  A white imp (D:7)
  3 worms
  2 dart slugs
  22 orcs
  2 ball pythons
  2 endoplasms
  A giant cockroach (D:3)
  14 goblins
  18 hobgoblins
  15 kobolds
  4 quokkas
  6 bats
  2 frilled lizards (D:3)
  4 rats
168 creatures vanquished.

Vanquished Creatures (others)
  A wolf (D:8)
  A gnoll (D:7)
2 creatures vanquished.

Grand Total: 170 creatures vanquished

Notes
Turn   | Place    | Note
-------+----------+-------------------------------------------
     0 | D:1      | Reached skill level 10 in Staves
     0 | D:1      | bande the Gnoll Wanderer began the quest for the Orb.
     0 | D:1      | bande set off with the following items: a +2 quarterstaff,
                  | 2 scrolls of teleportation, 7 boomerangs, a +0 dagger, a +0
                  | leather armour
     0 | D:1      | Reached XP level 1. HP: 17/17 MP: 1/1
   182 | D:1      | Reached XP level 2. HP: 23/23 MP: 2/2
   639 | D:1      | Reached XP level 3. HP: 28/28 MP: 3/3
   657 | D:1      | Found a faded altar of an unknown god.
   920 | D:2      | Noticed Natasha
   920 | D:2      | Noticed Sigmund
   926 | D:2      | Killed Natasha
   927 | D:2      | Reached skill level 1 in Short Blades
   927 | D:2      | Reached skill level 1 in Long Blades
   927 | D:2      | Reached skill level 1 in Axes
   927 | D:2      | Reached skill level 1 in Maces & Flails
   927 | D:2      | Reached skill level 1 in Polearms
   927 | D:2      | Reached skill level 1 in Slings
   927 | D:2      | Reached skill level 1 in Bows
   927 | D:2      | Reached skill level 1 in Crossbows
   927 | D:2      | Reached skill level 1 in Armour
   927 | D:2      | Reached skill level 1 in Dodging
   927 | D:2      | Reached skill level 1 in Stealth
   927 | D:2      | Reached skill level 1 in Shields
   927 | D:2      | Reached skill level 1 in Spellcasting
   927 | D:2      | Reached skill level 1 in Invocations
   927 | D:2      | Reached skill level 1 in Evocations
   927 | D:2      | Reached XP level 4. HP: 23/34 MP: 5/5
  1029 | D:2      | Killed Sigmund
  1030 | D:2      | Reached skill level 1 in Conjurations
  1030 | D:2      | Reached skill level 1 in Hexes
  1030 | D:2      | Reached skill level 1 in Summonings
  1030 | D:2      | Reached skill level 1 in Necromancy
  1030 | D:2      | Reached skill level 1 in Translocations
  1030 | D:2      | Reached skill level 1 in Transmutations
  1030 | D:2      | Reached skill level 1 in Fire Magic
  1030 | D:2      | Reached skill level 1 in Ice Magic
  1030 | D:2      | Reached skill level 1 in Air Magic
  1030 | D:2      | Reached skill level 1 in Earth Magic
  1030 | D:2      | Reached skill level 1 in Poison Magic
  1030 | D:2      | Reached XP level 5. HP: 41/41 MP: 5/7
  1086 | D:2      | Noticed Robin
  1101 | D:2      | Killed Robin
  1102 | D:2      | Reached XP level 6. HP: 29/47 MP: 8/8
  1213 | D:2      | Noticed Terence
  1228 | D:2      | Killed Terence
  1281 | D:2      | Noticed Natasha
  1288 | D:2      | Killed Natasha
  1289 | D:2      | Reached skill level 5 in Throwing
  1289 | D:2      | Reached skill level 5 in Unarmed Combat
  1419 | D:2      | Noticed Natasha
  1424 | D:2      | Killed Natasha
  1629 | D:3      | Identified the +1 robe of Purpose {rF+ Int+2 Dex+5}
  2176 | D:4      | Found a shimmering altar of Xom.
  2179 | D:4      | Found a glowing silver altar of Zin.
  2179 | D:4      | Found a broken altar of Ashenzari.
  2181 | D:4      | Found a snail-covered altar of Cheibriados.
  2181 | D:4      | Found a shimmering altar of Xom.
  2181 | D:4      | Found a sparkling altar of Nemelex Xobeh.
  2237 | D:4      | Reached XP level 7. HP: 52/52 MP: 10/10
  2588 | D:5      | Entered Level 5 of the Dungeon
  2588 | D:5      | Found Arhoqit's Assorted Antiques.
  2711 | D:5      | Found Getwyphu's Antique Armour Boutique.
  2864 | D:5      | Found Wuone's Distillery.
  2879 | D:5      | Bought a potion of heal wounds for 50 gold pieces
  2989 | D:5      | Found Wecse's Jewellery Emporium.
  3011 | D:5      | Reached XP level 8. HP: 60/60 MP: 12/12
  3036 | D:5      | Found a staircase to the Ecumenical Temple.
  3045 | D:5      | Found Pyemyffi's CLEARANCE SALE!.
  3054 | Temple   | Entered the Ecumenical Temple
  3367 | D:6      | Gained mutation: Your movements are slightly less
                  | encumbered by armour. (ER -2) [potion of mutation]
  3381 | D:6      | Noticed Eustachio
  3398 | D:6      | Killed Eustachio
  3638 | D:6      | Found a snail-covered altar of Cheibriados.
  3704 | D:6      | Reached skill level 11 in Staves
  4380 | D:7      | Reached XP level 9. HP: 66/66 MP: 14/14
  4505 | D:7      | Found a hide-covered altar of Uskayaw.
  4572 | D:7      | Found an iron altar of Okawaru.
  4580 | D:7      | Became a worshipper of Warmaster Okawaru
  4668 | D:7      | Reached skill level 5 in Fighting
  4789 | D:7      | Noticed a hornet
  4800 | D:7      | Killed a hornet
  4800 | D:7      | Reached * piety under Okawaru
  4823 | D:7      | Reached skill level 5 in Invocations
  4942 | D:7      | Noticed a cyclops
  4983 | D:6      | Reached ** piety under Okawaru
  5240 | D:7      | Reached XP level 10. HP: 44/74 MP: 17/17
  5399 | D:7      | Killed a cyclops
  5400 | D:7      | Reached skill level 5 in Short Blades
  5400 | D:7      | Reached skill level 5 in Long Blades
  5400 | D:7      | Reached skill level 5 in Axes
  5400 | D:7      | Reached skill level 5 in Maces & Flails
  5400 | D:7      | Reached skill level 5 in Polearms
  5400 | D:7      | Reached skill level 5 in Slings
  5400 | D:7      | Reached skill level 5 in Bows
  5400 | D:7      | Reached skill level 5 in Crossbows
  5400 | D:7      | Reached skill level 5 in Armour
  5400 | D:7      | Reached skill level 5 in Dodging
  5400 | D:7      | Reached skill level 5 in Stealth
  5400 | D:7      | Reached skill level 5 in Shields
  5400 | D:7      | Reached skill level 5 in Spellcasting
  5400 | D:7      | Reached skill level 5 in Evocations
  5716 | D:8      | Found a sacrificial altar of Ru.
  5758 | D:8      | Noticed Prince Ribbit
  5772 | D:8      | Reached *** piety under Okawaru
  5787 | D:8      | Killed Prince Ribbit
  6086 | D:8      | Noticed Psyche
  6088 | D:8      | Noticed Grum
  6098 | D:8      | Cast into level 1 of the Abyss (Psyche)
  6098 | Abyss:1  | Noticed a tentacled starspawn
  6101 | Abyss:1  | Annihilated by a tentacled starspawn

Illustrated notes

Levels and vault maps discovered:
D:1:      nagdon_arrival_double_spiral, layout_loops_ring,
          hellmonk_ecumenical_altar_prayer_group
D:2:      layout_basic, uniq_terence, uniq_natasha, uniq_robin, uniq_sigmund
D:3:      layout_rooms, serial_corexii_hall, corexii_hall_statues_l,
          chequers_hall_statues_wall_a
D:4:      layout_cave_pools, doesnt_xom_only_xom
D:5:      layout_rooms, minmay_temple_entry_crystal_x, serial_shops,
          nicolae_shop_hallway_plus, nicolae_shop_trees, nicolae_diamond_shop,
          nicolae_shop_statue_plus, nicolae_shop_clearance
D:6:      layout_loops_ring, cheibrodos_worm_habitat, minmay_manual_mess,
          uniq_eustachio
D:7:      wad_guarded_room, layout_loops_ring, mainiacjoe_overflow_brackets,
          okawaru_trees_2, grunt_ministairs_10, serial_bayou_crossing
D:8:      layout_basic, amcnicky_altar_gilded, uniq_psyche, uniq_grum,
          uniq_prince_ribbit1
Temple:   nicolae_temple_figure_eight
Abyss:1:  base: Temple, hangedman_cross_veins

Skill      XL: |  1  2  3  4  5  6  7  8  9 10 |
---------------+-------------------------------+-----
Staves         | 11 | 11.7
Short Blades   | 1 2 3 4 5 |  5.3
Long Blades    | 1 2 3 4 5 |  5.3
Axes           | 1 2 3 4 5 |  5.3
Maces & Flails | 1 2 3 4 5 |  5.3
Polearms       | 1 2 3 4 5 |  5.3
Slings         | 1 2 3 4 5 |  5.3
Bows           | 1 2 3 4 5 |  5.3
Crossbows      | 1 2 3 4 5 |  5.3
Armour         | 1 2 3 4 5 |  5.3
Dodging        | 1 2 3 4 5 |  5.3
Stealth        | 1 2 3 4 5 |  5.3
Shields        | 1 2 3 4 5 |  5.3
Spellcasting   | 1 2 3 4 5 |  5.3
Invocations    | 1 2 3 4 5 |  5.8
Evocations     | 1 2 3 4 5 |  5.3
Fighting       | 3 4 5 6 |  6.0
Conjurations   | 1 2 3 4 |  4.3
Hexes          | 1 2 3 4 |  4.3
Summonings     | 1 2 3 4 |  4.3
Necromancy     | 1 2 3 4 |  4.3
Translocations | 1 2 3 4 |  4.3
Transmutations | 1 2 3 4 |  4.3
Fire Magic     | 1 2 3 4 |  4.3
Ice Magic      | 1 2 3 4 |  4.3
Air Magic      | 1 2 3 4 |  4.3
Earth Magic    | 1 2 3 4 |  4.3
Poison Magic   | 1 2 3 4 |  4.3
Throwing       | 5 6 7 |  7.1
Unarmed Combat | 5 6 7 8 |  8.1

Action                   |  1- 3 |  4- 6 |  7- 9 | 10-12 || total
-------------------------+-------+-------+-------+-------++-------
Melee: Quarterstaff      |    59 |    46 |       |       ||   105
       Bite              |     5 |     7 |    23 |     9 ||    44
       Long sword        |       |    61 |   205 |    60 ||   326
       Punch             |       |     2 |     5 |     3 ||    10
  Use: Scroll            |       |     6 |    10 |     2 ||    18
       Potion            |       |       |     2 |       ||     2
 Stab: Sleeping          |       |       |       |     1 ||     1
Armor: Leather armour    |     9 |    10 |       |       ||    19
       Scale mail        |       |    27 |       |       ||    27
       Chain mail        |       |    11 |   102 |       ||   113
       Plate armour      |       |       |   122 |    50 ||   172
Dodge: Dodged            |    20 |    48 |    98 |    16 ||   182

Table legend: (Time is in decaauts)
 A = Elapsed time spent in this place.
 B = Non-inter-level travel time spent in this place.
 C = Inter-level travel time spent in this place.
 D = Time resting spent in this place.
 E = Time spent auto-exploring this place.
 F = Levels seen in this place.
 G = Mean time per level.
                   A        B        C        D        E       F      G
               +--------+--------+--------+--------+--------+-----+--------+
         Total |   6175 |   5980 |    195 |    405 |   4178 |  10 |  617.5 |
       Dungeon |   5952 |   5768 |    184 |    405 |   3972 |   8 |  744.0 |
        Temple |    219 |    208 |     11 |      0 |    206 |   1 |  219.0 |
         Abyss |      3 |      3 |      0 |      0 |      0 |   1 |    3.0 |
               +--------+--------+--------+--------+--------+-----+--------+

Top non-repeatable levels by time:
     D:7: 1228 daAuts
     D:6: 1100 daAuts
     D:1: 800 daAuts
     D:2: 716 daAuts
     D:3: 606 daAuts
     D:5: 569 daAuts
     D:8: 468 daAuts
     D:4: 462 daAuts
  Temple: 219 daAuts
 Abyss:1: 3 daAuts
